 Dungeon Crawl Stone Soup version 0.19-a0-1468-ge013c26 (webtiles) character file.

81 sveltemanboy the Shield-Bearer (level 4, -2/35 HPs)
             Began as a Human Fighter on Sept 7, 2016.
             Slain by a mummy (14 damage)
             ... in an ossuary.
             The game lasted 00:03:35 (1163 turns).

sveltemanboy the Shield-Bearer (Human Fighter)      Turns: 1163, Time: 00:03:36

Health: -2/35      AC:  7    Str: 17    XL:     4   Next: 68%
Magic:  4/4        EV:  7    Int:  9    God:
Gold:   65         SH:  9    Dex: 12    Spells: 0 memorised, 3 levels left

rFire  . . .     SeeInvis .     a - +0 long sword
rCold  . . .     Gourm    .     b - +0 scale mail
rNeg   . . .     Faith    .     c - +0 shield
rPois  .         Spirit   .     (no helmet)
rElec  .         Dismiss  .     l - +0 cloak
rCorr  .         Reflect  .     (no gloves)
MR     .....     Harm     .     (no boots)
Stlth  ..........               (no amulet)
                                (no ring)
                                (no ring)

@: no status effects
A: no striking features
a: no special abilities


You were in an ossuary.
You were not hungry.

You visited 1 branch of the dungeon, and saw 3 of its levels.
You also visited: Ossuary.

You collected 65 gold pieces.

Inventory:

Hand Weapons
 a - a +0 long sword (weapon)
 h - a +0 dagger of venom
Missiles
 e - 60 stones (quivered)
 g - 12 poisoned needles
Armour
 b - a +0 scale mail (worn)
 c - a +0 shield (worn)
 l - a +0 cloak (worn)
Scrolls
 i - a scroll of identify {unknown}
 j - a scroll of teleportation {unknown}
 m - a scroll of fear {unknown}
 r - a scroll of amnesia {unknown}
Potions
 d - a potion of might
 k - 2 potions of degeneration {unknown}
 q - 2 potions of curing {unknown}
Comestibles
 f - a bread ration
 o - a meat ration
 p - a royal jelly


   Skills:
 - Level 3.0 Fighting
 * Level 3.6 Long Blades
 - Level 3.0 Armour
 + Level 4.0 Shields


You had 3 spell levels left.
You didn't know any spells.

Dungeon Overview and Level Annotations

Branches:
Dungeon (4/15)
 Temple: D:4-7

Altars:
Uskayaw


Message History

You slash the mummy!
The mummy is almost destroyed.
You block the mummy's attack.
You slash the mummy!
You destroy the mummy!
Your Shields skill increases to level 4!
The mummy hits you!
You hit the mummy but do no damage. The mummy hits you!
You slash the mummy!
The mummy is moderately damaged.
The mummy hits you.
You hit the mummy.
The mummy is heavily damaged.
You block the mummy's attack.
You hit the mummy.
The mummy is heavily damaged.
You hit the mummy.
The mummy is severely damaged.
The mummy hits you!
You die...

......
#....#
#....#
#....#
#....#
#....#
#....#
#..M.#
#.@..#
#.∩∩.#
######


You could see a mummy.

Vanquished Creatures
  A mummy (Ossuary)
  A gnoll (D:1)
  An adder (D:2)
  An ooze (D:2)
  A dart slug (D:1)
  A giant gecko (D:1)
  7 bats
  3 giant cockroaches (D:1)
  A gnoll zombie (Ossuary)
  4 goblins
  4 hobgoblins
  A ball python (D:1)
  2 giant newts
  A hobgoblin zombie (Ossuary)
  7 kobolds
  4 kobold zombies (Ossuary)
  An orc zombie (Ossuary)
  3 rats (D:1)
44 creatures vanquished.

Notes
Turn   | Place    | Note
-------+----------+-------------------------------------------
     0 | D:1      | sveltemanboy the Human Fighter began the quest for the Orb.
     0 | D:1      | Reached XP level 1. HP: 18/18 MP: 1/1
   151 | D:1      | Reached XP level 2. HP: 24/24 MP: 2/2
   397 | D:1      | Reached XP level 3. HP: 21/29 MP: 3/3
   848 | D:2      | Reached XP level 4. HP: 29/35 MP: 4/4
   903 | D:2      | Found a hide-covered altar of Uskayaw.
   995 | D:2      | You fall through a shaft for 2 floors!
  1001 | D:4      | Found a sand-covered staircase.
  1011 | Ossuary  | Entered an ossuary
  1158 | Ossuary  | Reached skill level 4 in Shields
  1163 | Ossuary  | Slain by a mummy

Vault maps used:
D:1:      wheals_arrival_linesprint
D:2:      eat_drink_and_be_merry_uskayaw, grunt_temple_overflow_open
D:4:      kennysheep_kobold_camp, nicolae_ru_awakened_eye, enter_ossuary_1,
          first_bread, nemelex_spade_bored_becter, uniq_pikel
Ossuary:  ossuary_tomb_3

Skill      XL: |  1  2  3  4 |
---------------+-------------+-----
Long Blades    | 3 |  3.6
Shields        | 4 |  4.0
Fighting       | |  3.0
Armour         | |  3.0

Action                   |  1- 3 |  4- 6 || total
-------------------------+-------+-------++-------
Melee: Long sword        |     7 |    24 ||    31
       Dagger            |    98 |    12 ||   110
  Eat: Chunk             |       |     1 ||     1
Armor: Scale mail        |    35 |    10 ||    45
Dodge: Dodged            |    25 |     8 ||    33
Block: Shield            |    48 |    16 ||    64
